 Dungeon Crawl Stone Soup version 0.27-a0-869-g165b36e3f0 (webtiles) character file.

Game seed: 13609834416832116564

350 polve the Chopper (level 6, -1/58 HPs)
             Began as a Hill Orc Berserker on Apr 2, 2021.
             Was a Priest of Trog.
             Slain by an orc wizard
             ... wielding a +0 dagger
              (2 damage)
             ... on level 4 of the Dungeon.
             The game lasted 00:02:29 (3557 turns).

polve the Chopper (Hill Orc Berserker)              Turns: 3557, Time: 00:02:30

Health: -1/58      AC:  6    Str: 20    XL:     6   Next: 60%
Magic:  6/6        EV: 10    Int:  7    God:    Trog [***...]
Gold:   100        SH:  0    Dex: 12    Spells: 5/5 levels left

rFire    . . .     SeeInvis .   a - +0 hand axe
rCold    . . .     Faith    .   (no shield)
rNeg     . . .     Spirit   .   e - +0 scale mail
rPois    .         Reflect  .   (no helmet)
rElec    .         Harm     .   (no cloak)
rCorr    .         Rampage  .   (no gloves)
Will     .....                  (no boots)
Stlth    ..........             (no amulet)
HPRegen  0.19/turn              (no ring)
MPRegen  0.10/turn              (no ring)

@: berserk cooldown, attractive, flying, slowed, very slow
A: no striking features
a: Renounce Religion, Berserk, Trog's Hand


You were on level 4 of the Dungeon.
You worshipped Trog.
Trog was most pleased with you.
You visited 1 branch of the dungeon, and saw 4 of its levels.

You collected 100 gold pieces.

Inventory:

Hand Weapons
 a - a +0 hand axe (weapon)
Missiles
 g - 4 atropa-tipped darts
Armour
 e - a +0 scale mail (worn)
 f - a +0 pair of gloves
 o - a +0 pair of boots
Wands
 p - a wand of charming (15)
 r - a wand of digging (7)
Scrolls
 b - 3 scrolls of identify {unknown}
 h - a scroll of fear {unknown}
 i - 2 scrolls of acquirement {unknown}
 j - 2 scrolls of amnesia {unknown}
 k - a scroll of torment {unknown}
 m - a scroll of enchant armour {unknown}
 s - 2 scrolls of enchant weapon {unknown}
Potions
 c - a potion of attraction
 d - a potion of haste {unknown}
 l - 2 potions of curing {unknown}
 n - a potion of might {unknown}


   Skills:
 + Level 6.4 Fighting
 + Level 7.4 Axes
 - Level 2.1 Armour
 - Level 1.5 Dodging


You had 5 spell levels left.
You didn't know any spells.
Your spell library was empty.

Dungeon Overview and Level Annotations

Branches:
Dungeon (4/15)
 Temple: D:4-7

Altars:

Shops:
D:1 !   D:2 =   D:3 (


Message History

The orc wizard completely misses you. The orc barely misses you.
The orc hits you with a +0 flail. The orc hits you but does no damage.
You barely miss the orc. You hit the orc.
You kill the orc!
Trog accepts your kill.
You hit the orc but do no damage. You closely miss the orc wizard.
The orc wizard closely misses you. The orc hits you but does no damage.
The orc barely misses you.
The orc wizard hits you but does no damage.
You hit the orc but do no damage.
The orc is moderately wounded.
You closely miss the orc. You hit the orc wizard. The orc barely misses you.
The orc hits you with a +0 trident.
The orc wizard hits you with a +0 dagger.
The orc hits you with a +0 mace.
You hit the orc but do no damage.
The orc is moderately wounded.
You barely miss the orc. You miss the orc wizard. The orc closely misses you.
The orc wizard hits you but does no damage.
The orc hits you with a +0 mace.
* * * LOW HITPOINT WARNING * * *
The orc hits you with a +0 trident.
* * * LOW HITPOINT WARNING * * *
The orc wizard casts a spell at you. The puff of flame hits you!
* * * LOW HITPOINT WARNING * * *
It was a potion of attraction.
You feel attractive to monsters. The orc hits you with a +0 mace.
* * * LOW HITPOINT WARNING * * *
The orc hits you but does no damage.
The orc wizard hits you but does no damage.
The orc barely misses you.
It was a potion of flight.
You feel very buoyant.
You fly up into the air.
The orc barely misses you. The orc wizard barely misses you.
The orc barely misses you. The orc misses you.
The orc wizard hits you with a +0 dagger.
You die...

##..##..##
##........##
#..........##
#...........#
#........#.### .#
##........#...##..#
.....>.....)......#
......)))..o@o....#
#....)†).#o..##..#
##..##()####.# ##
#.## ... #.# .....
#.# ......
#.#######..##
#.....###+##
####.......#


You could see an orc wizard and 2 orcs.

Vanquished Creatures
  The ghost of casual the Sneak, an amateur DsDe (D:3)
  A howler monkey (D:4)
  An orc wizard (D:4)
  3 gnolls (D:3)
  2 adders (D:3)
  3 worms (D:2)
  2 dart slugs (D:1)
  6 orcs (D:4)
  9 ball pythons
  10 bats
  6 endoplasms
  3 giant cockroaches (D:3)
  3 hobgoblins
  7 jackals
  8 quokkas
  A frilled lizard (D:1)
  8 goblins
  4 kobolds
  7 rats
85 creatures vanquished.

Notes
Turn   | Place    | Note
-------+----------+-------------------------------------------
     0 | D:1      | polve the Hill Orc Berserker began the quest for the Orb.
     0 | D:1      | Reached XP level 1. HP: 19/19 MP: 1/1
    72 | D:1      | Found Awamebywn's Distillery.
   125 | D:1      | Reached XP level 2. HP: 24/27 MP: 2/2
   402 | D:1      | Reached skill level 5 in Axes
   582 | D:1      | Reached XP level 3. HP: 32/33 MP: 3/3
   793 | D:1      | Reached ** piety under Trog
  1869 | D:2      | Reached XP level 4. HP: 39/41 MP: 4/4
  2008 | D:2      | Found Bohiacum's Jewellery Boutique.
  2470 | D:3      | Found Ysowne's Antique Weapon Boutique.
  2528 | D:3      | Found a runed translucent gate.
  2660 | D:3      | Reached skill level 5 in Fighting
  2711 | D:3      | Reached skill level 6 in Axes
  2719 | D:3      | Reached XP level 5. HP: 21/48 MP: 5/5
  3065 | D:3      | Found a runed translucent gate.
  3065 | D:3      | Found a runed translucent gate.
  3067 | D:3      | Noticed casual's ghost (amateur DsDe)
  3075 | D:3      | Killed casual's ghost
  3076 | D:3      | Reached skill level 7 in Axes
  3076 | D:3      | Reached XP level 6. HP: 57/57 MP: 6/6
  3151 | D:3      | Reached *** piety under Trog
  3275 | D:3      | Found a faded altar of an unknown god.
  3556 | D:4      | HP: 1/58 [orc/+0 mace (2)]
  3557 | D:4      | Slain by an orc wizard

Illustrated notes

Levels and vault maps discovered:
D:1:      amcnicky_arrival_flooded_fountain, layout_basic, serial_shops, shop,
          minmay_misc_feat_x, minmay_split_cup_large
D:2:      layout_loops_ring, serial_shops, shop
D:3:      minmay_wonky_spiral, layout_loops_ring, serial_shops,
          nicolae_shop_waterfront, ebering_ghost_rock_garden,
          basic_ecumenical_altar
D:4:      layout_gridville, st_stairs_5, uniq_pikel

Skill      XL: |  1  2  3  4  5 |
---------------+----------------+-----
Fighting       | 4 5 6 |  6.4
Axes           | 5 6 7 |  7.4
Armour         | |  2.1
Dodging        | |  1.5

Action                   |  1- 3 |  4- 6 || total
-------------------------+-------+-------++-------
Melee: Hand axe          |   142 |   134 ||   276
Invok: Berserk           |     2 |     3 ||     5
  Use: Potion            |       |     2 ||     2
Armor: Animal skin       |    19 |       ||    19
       Scale mail        |    42 |    42 ||    84
Dodge: Dodged            |   102 |    85 ||   187

Table legend: (Time is in decaauts)
 A = Elapsed time spent in this place.
 B = Non-inter-level travel time spent in this place.
 C = Inter-level travel time spent in this place.
 D = Time resting spent in this place.
 E = Time spent auto-exploring this place.
 F = Levels seen in this place.
 G = Mean time per level.
                   A        B        C        D        E       F      G
               +--------+--------+--------+--------+--------+-----+--------+
         Total |   3613 |   3572 |     41 |     51 |   2962 |   4 |  903.2 |
       Dungeon |   3613 |   3572 |     41 |     51 |   2962 |   4 |  903.2 |
               +--------+--------+--------+--------+--------+-----+--------+

Top non-repeatable levels by time:
     D:1: 1325 daAuts
     D:3: 1134 daAuts
     D:2: 1099 daAuts
     D:4: 53 daAuts
